| TOP OF THE 1ST |
|
Dunedin Blue Jays batting - Pitching for St. Petersburg Saints : LHP Tyrone Bell
|
|
Pitching: LHP Tyrone Bell
|
|
|
Batting: RHB Butch Davis
|
0-0: Foul Ball, location: 2F 0-1: SOLO HOME RUN (Flyball, 7D, EV 90.0 MPH), Distance : 358 ft
|
|
Batting: LHB Fay Thompson
|
0-0: Ball 1-0: Ball 2-0: SOLO HOME RUN (Flyball, 9D, EV 100.6 MPH), Distance : 372 ft
|
|
Batting: LHB Eric Peyton
|
0-0: Called Strike 0-1: Ball 1-1: Foul Ball, location: 2F 1-2: Ground out 4-3 (Groundball, 4, EV 84.4 MPH)
|
|
Batting: RHB Daniel Barrera
|
0-0: Fly out, F8 (Line Drive, 8RD, EV 108.8 MPH)
|
|
Batting: LHB Monte McAbee
|
0-0: Fly out, F7 (Flyball, 7LS, EV 80.0 MPH)
|
| Top of the 1st over - 2 runs, 2 hits, 0 errors, 0 left on base; Dunedin 2 - St. Petersburg 0 |
| BOTTOM OF THE 1ST |
|
St. Petersburg Saints batting - Pitching for Dunedin Blue Jays : RHP Armando Guzman
|
|
Pitching: RHP Armando Guzman
|
|
|
Batting: RHB Paul Mainieri
|
0-0: Called Strike 0-1: Ball 1-1: Ball 2-1: Foul Ball, location: 2F 2-2: Foul Ball, location: 2F 2-2: Foul Ball, location: 2F 2-2: Ball 3-2: SINGLE (Groundball, 6, EV 98.8 MPH) (infield hit)
|
|
Batting: LHB Omar de la Torre
|
0-0: Ground out 4-3 (Groundball, 4, EV 85.6 MPH) Paul Mainieri to second
|
|
Batting: RHB Ronald Grout
|
0-0: Ball Paul Mainieri is caught stealing 3rd base 2-5 1-0: Ball 2-0: Ball 3-0: Base on Balls
|
|
Batting: LHB Larry Whisenton
|
0-0: Called Strike 0-1: SINGLE (Line Drive, 7S, EV 103.1 MPH) Ronald Grout to second
|
|
Batting: RHB Pete Dempsey
|
0-0: Fly out, F9 (Flyball, 9D, EV 105.6 MPH)
|
| Bottom of the 1st over - 0 runs, 2 hits, 0 errors, 2 left on base; Dunedin 2 - St. Petersburg 0 |
| TOP OF THE 2ND |
|
Dunedin Blue Jays batting - Pitching for St. Petersburg Saints : LHP Tyrone Bell
|
|
Batting: RHB Ted Cox
|
0-0: Ball 1-0: Foul Ball, location: 2F 1-1: Ground out U3 (Groundball, 34, EV 103.1 MPH)
|
|
Batting: SHB Cordie Dillard
|
0-0: SINGLE (Groundball, 6D, EV 96.3 MPH)
|
|
Batting: RHB Mickey Klutts
|
0-0: Called Strike 0-1: Grounds into double play, 5-4-3 (Groundball, 56, EV 97.5 MPH)
|
| Top of the 2nd over - 0 runs, 1 hit, 0 errors, 0 left on base; Dunedin 2 - St. Petersburg 0 |
| BOTTOM OF THE 2ND |
|
St. Petersburg Saints batting - Pitching for Dunedin Blue Jays : RHP Armando Guzman
|
|
Batting: SHB Bryan Hoppie
|
0-0: Called Strike 0-1: Ball 1-1: Swinging Strike 1-2: Strikes out looking
|
|
Batting: RHB Joaquin Gonzalez
|
0-0: Swinging Strike 0-1: Ground out 5-3 (Groundball, 5S, EV 80.6 MPH)
|
|
Batting: RHB Robert Castleberry
|
0-0: Ball 1-0: Foul Ball, location: 2F 1-1: Swinging Strike 1-2: Foul Ball, location: 2F 1-2: Ball 2-2: Foul Ball, location: 2F 2-2: Strikes out looking
|
| Bottom of the 2nd over - 0 runs, 0 hits, 0 errors, 0 left on base; Dunedin 2 - St. Petersburg 0 |
| TOP OF THE 3RD |
|
Dunedin Blue Jays batting - Pitching for St. Petersburg Saints : LHP Tyrone Bell
|
|
Batting: RHB Bart Mackie
|
0-0: Ball 1-0: Swinging Strike 1-1: Foul Ball, location: 2F 1-2: SINGLE (Line Drive, 4D, EV 102.5 MPH)
|
|
Batting: RHB Butch Davis
|
0-0: Ball 1-0: Ball 2-0: Ball 3-0: Called Strike 3-1: SINGLE (Line Drive, 56, EV 101.3 MPH) Bart Mackie to second
|
|
Batting: LHB Fay Thompson
|
0-0: Called Strike 0-1: Foul Ball, location: 2F 0-2: Ball 1-2: Ball 2-2: Ball 3-2: Strikes out looking
|
|
Batting: LHB Eric Peyton
|
0-0: Ball 1-0: Ball 2-0: Fielders Choice at 2nd, 6-4 (Groundball, 6, EV 97.5 MPH) Bart Mackie to third
|
|
Batting: RHB Daniel Barrera
|
0-0: Ball 1-0: Foul Ball, location: 2F 1-1: Foul Ball, location: 2F 1-2: Ball 2-2: Fly out, F8 (Line Drive, 8LD, EV 90.0 MPH)
|
| Top of the 3rd over - 0 runs, 2 hits, 0 errors, 2 left on base; Dunedin 2 - St. Petersburg 0 |
| BOTTOM OF THE 3RD |
|
St. Petersburg Saints batting - Pitching for Dunedin Blue Jays : RHP Armando Guzman
|
|
Batting: RHB Dale Bunn
|
0-0: Ground out 6-3 (Groundball, 6, EV 82.5 MPH)
|
|
Batting: RHB Paul Mainieri
|
0-0: TRIPLE (Line Drive, 89XD, EV 113.8 MPH)
|
|
Batting: LHB Omar de la Torre
|
0-0: SINGLE (Line Drive, 6D, EV 103.1 MPH) Paul Mainieri scores
|
|
Batting: RHB Ronald Grout
|
0-0: Hit by Pitch Omar de la Torre to second
|
|
Batting: LHB Larry Whisenton
|
0-0: Called Strike 0-1: Ball 1-1: Fly out, F9 (Flyball, 9LM, EV 90.0 MPH) Runner from 2nd tags up, SAFE at 3rd, no throw by RF
|
|
Batting: RHB Pete Dempsey
|
0-0: Foul Ball, location: 2F 0-1: Called Strike 0-2: Foul Ball, location: 2F 0-2: Ball 1-2: Ball 2-2: Foul Ball, location: 2F 2-2: Ball 3-2: Ground out 4-3 (Groundball, 4, EV 88.8 MPH)
|
| Bottom of the 3rd over - 1 run, 2 hits, 0 errors, 2 left on base; Dunedin 2 - St. Petersburg 1 |
| TOP OF THE 4TH |
|
Dunedin Blue Jays batting - Pitching for St. Petersburg Saints : LHP Tyrone Bell
|
|
Batting: LHB Monte McAbee
|
0-0: Ball 1-0: Fly out, F8 (Flyball, 8LD, EV 76.9 MPH)
|
|
Batting: RHB Ted Cox
|
0-0: Called Strike 0-1: Ball 1-1: Ball 2-1: SINGLE (Line Drive, 7S, EV 103.8 MPH)
|
|
Batting: SHB Cordie Dillard
|
0-0: Called Strike 0-1: Grounds into double play, 4-6-3 (Groundball, 4S, EV 76.3 MPH)
|
| Top of the 4th over - 0 runs, 1 hit, 0 errors, 0 left on base; Dunedin 2 - St. Petersburg 1 |
| BOTTOM OF THE 4TH |
|
St. Petersburg Saints batting - Pitching for Dunedin Blue Jays : RHP Armando Guzman
|
|
Batting: SHB Bryan Hoppie
|
0-0: Called Strike 0-1: Called Strike 0-2: Foul Ball, location: 2F 0-2: Strikes out swinging
|
|
Batting: RHB Joaquin Gonzalez
|
0-0: Ball 1-0: Ball 2-0: Called Strike 2-1: Ball 3-1: Fly out, F9 (Flyball, 9S, EV 91.3 MPH)
|
|
Batting: RHB Robert Castleberry
|
0-0: Called Strike 0-1: Ball 1-1: SINGLE (Line Drive, 8LS, EV 88.1 MPH)
|
|
Batting: RHB Dale Bunn
|
0-0: Ball 1-0: Foul Ball, location: 2F 1-1: Ball 2-1: Called Strike 2-2: Foul Ball, location: 2F 2-2: Ball 3-2: Strikes out swinging
|
| Bottom of the 4th over - 0 runs, 1 hit, 0 errors, 1 left on base; Dunedin 2 - St. Petersburg 1 |
| TOP OF THE 5TH |
|
Dunedin Blue Jays batting - Pitching for St. Petersburg Saints : LHP Tyrone Bell
|
|
Batting: RHB Mickey Klutts
|
0-0: Called Strike 0-1: Ball 1-1: Ball 2-1: Fly out, F7 (Flyball, 7S, EV 94.4 MPH)
|
|
Batting: RHB Bart Mackie
|
0-0: Swinging Strike 0-1: Foul Ball, location: 2F 0-2: Ball 1-2: Foul Ball, location: 2F 1-2: Ball 2-2: Fly out, F7 (Flyball, 78D, EV 86.3 MPH)
|
|
Batting: RHB Butch Davis
|
0-0: Called Strike 0-1: DOUBLE (Flyball, 8LXD, EV 96.3 MPH)
|
|
Batting: LHB Fay Thompson
|
0-0: Called Strike 0-1: Ball 1-1: Ball 2-1: Foul Ball, location: 2F 2-2: SINGLE (Line Drive, 4M, EV 98.8 MPH) Butch Davis to third Runner from 3rd tries for Home, SAFE, no throw by CF
|
|
Batting: LHB Eric Peyton
|
0-0: Fly out, F5 (Popup, 5, EV 63.8 MPH)
|
| Top of the 5th over - 1 run, 2 hits, 0 errors, 1 left on base; Dunedin 3 - St. Petersburg 1 |
| BOTTOM OF THE 5TH |
|
St. Petersburg Saints batting - Pitching for Dunedin Blue Jays : RHP Armando Guzman
|
|
Batting: RHB Paul Mainieri
|
0-0: Foul Ball, location: 2F 0-1: Foul Ball, location: 2F 0-2: Ball 1-2: Ball 2-2: Fly out, F7 (Line Drive, 7, EV 108.8 MPH)
|
|
Batting: LHB Omar de la Torre
|
0-0: Ball 1-0: Foul Ball, location: 2F 1-1: Ball 2-1: Swinging Strike 2-2: Foul Ball, location: 2F 2-2: Strikes out swinging
|
|
Batting: RHB Ronald Grout
|
0-0: Ball 1-0: Fly out, F7 (Flyball, 78D, EV 101.9 MPH)
|
| Bottom of the 5th over - 0 runs, 0 hits, 0 errors, 0 left on base; Dunedin 3 - St. Petersburg 1 |
| TOP OF THE 6TH |
|
Dunedin Blue Jays batting - Pitching for St. Petersburg Saints : LHP Tyrone Bell
|
|
Batting: RHB Daniel Barrera
|
0-0: Ball 1-0: Ball 2-0: Ball 3-0: Called Strike 3-1: Base on Balls
|
|
Pitching: LHP James Haight
|
|
|
Batting: LHB Monte McAbee
|
0-0: Ball 1-0: Called Strike 1-1: Foul Ball, location: 2F 1-2: Ball 2-2: Fielders Choice at 2nd, 6-4 (Groundball, 6, EV 103.8 MPH)
|
|
Batting: RHB Ted Cox
|
0-0: Swinging Strike Monte McAbee steals 2nd base 0-1: Foul Ball, location: 2F 0-2: Ball 1-2: Foul Ball, location: 2F 1-2: SINGLE (Groundball, 56D, EV 98.1 MPH) Monte McAbee to third Runner from 3rd tries for Home, SAFE, throw by LF to home
|
|
Pitching: RHP Michael Nedelisky
|
|
|
Batting: SHB Cordie Dillard
|
0-0: SINGLE (Groundball, 4MD, EV 95.0 MPH) Ted Cox to second
|
|
Batting: RHB Mickey Klutts
|
0-0: Grounds into double play, 6-4-3 (Groundball, 6, EV 81.3 MPH)
|
| Top of the 6th over - 1 run, 2 hits, 0 errors, 1 left on base; Dunedin 4 - St. Petersburg 1 |
| BOTTOM OF THE 6TH |
|
St. Petersburg Saints batting - Pitching for Dunedin Blue Jays : RHP Armando Guzman
|
|
Batting: LHB Larry Whisenton
|
0-0: Foul Ball, location: 2F 0-1: Swinging Strike 0-2: Strikes out looking
|
|
Batting: RHB Pete Dempsey
|
0-0: Ball 1-0: Ball 2-0: Called Strike 2-1: Ball 3-1: Called Strike 3-2: Ground out 4-3 (Groundball, 4, EV 86.9 MPH)
|
|
Batting: SHB Bryan Hoppie
|
0-0: Ball 1-0: Called Strike 1-1: Called Strike 1-2: Ball 2-2: Ball 3-2: Strikes out swinging
|
| Bottom of the 6th over - 0 runs, 0 hits, 0 errors, 0 left on base; Dunedin 4 - St. Petersburg 1 |
| TOP OF THE 7TH |
|
Dunedin Blue Jays batting - Pitching for St. Petersburg Saints : RHP Michael Nedelisky
|
|
Batting: RHB Bart Mackie
|
0-0: Ball 1-0: Ball 2-0: Ball 3-0: Base on Balls
|
|
Batting: RHB Butch Davis
|
0-0: Ball 1-0: Foul Ball, location: 2F 1-1: SINGLE (Line Drive, 8RS, EV 104.4 MPH) Bart Mackie to second Runner from 2nd tries for 3rd, SAFE, throw by RF made to third
|
|
Pitching: RHP Vittore Fachinetti
|
|
|
Batting: LHB Fay Thompson
|
0-0: Ball 1-0: Ball 2-0: Called Strike 2-1: Foul Ball, location: 2F 2-2: Ball 3-2: Foul Ball, location: 2F 3-2: 3-RUN HOME RUN (Flyball, 89XD, EV 88.1 MPH), Distance : 375 ft
|
|
Batting: LHB Eric Peyton
|
0-0: Swinging Strike 0-1: Ball 1-1: Ball 2-1: Foul Ball, location: 2F 2-2: Strikes out swinging
|
|
Batting: RHB Daniel Barrera
|
0-0: Ball 1-0: Swinging Strike 1-1: Called Strike 1-2: Fly out, F8 (Flyball, 8RXD, EV 78.1 MPH)
|
|
Batting: LHB Monte McAbee
|
0-0: Swinging Strike 0-1: Ball 1-1: Called Strike 1-2: Strikes out swinging
|
| Top of the 7th over - 3 runs, 2 hits, 0 errors, 0 left on base; Dunedin 7 - St. Petersburg 1 |
| BOTTOM OF THE 7TH |
|
St. Petersburg Saints batting - Pitching for Dunedin Blue Jays : RHP Armando Guzman
|
|
Batting: RHB Joaquin Gonzalez
|
0-0: Ball 1-0: Ball 2-0: Ball 3-0: Base on Balls
|
|
Batting: RHB Robert Castleberry
|
0-0: Called Strike 0-1: Swinging Strike 0-2: Fielders Choice at 2nd, 6-4 (Groundball, 6, EV 85.0 MPH)
|
|
Batting: RHB Dale Bunn
|
0-0: Foul Ball, location: 2F 0-1: Fielders Choice at 2nd, 2-4 (Groundball, 15S, EV 68.8 MPH)
|
|
Batting: RHB Paul Mainieri
|
0-0: Ball 1-0: Ball 2-0: Foul Ball, location: 2F 2-1: Foul Ball, location: 2F 2-2: Strikes out swinging
|
| Bottom of the 7th over - 0 runs, 0 hits, 0 errors, 1 left on base; Dunedin 7 - St. Petersburg 1 |
| TOP OF THE 8TH |
|
Dunedin Blue Jays batting - Pitching for St. Petersburg Saints : RHP Vittore Fachinetti
|
|
Batting: RHB Ted Cox
|
0-0: Ball 1-0: Called Strike 1-1: Called Strike 1-2: Strikes out swinging
|
|
Batting: SHB Cordie Dillard
|
0-0: Swinging Strike 0-1: Called Strike 0-2: Strikes out looking
|
|
Batting: RHB Mickey Klutts
|
0-0: Called Strike 0-1: Swinging Strike 0-2: Ball 1-2: Ball 2-2: Fly out, F9 (Flyball, 89S, EV 96.3 MPH)
|
| Top of the 8th over - 0 runs, 0 hits, 0 errors, 0 left on base; Dunedin 7 - St. Petersburg 1 |
| BOTTOM OF THE 8TH |
|
St. Petersburg Saints batting - Pitching for Dunedin Blue Jays : RHP Armando Guzman
|
|
Batting: LHB Omar de la Torre
|
0-0: Swinging Strike 0-1: Fly out, F8 (Flyball, 8LS, EV 88.1 MPH)
|
|
Batting: RHB Ronald Grout
|
0-0: Foul Ball, location: 2F 0-1: Ball 1-1: SINGLE (Line Drive, 8LS, EV 104.4 MPH)
|
|
Batting: LHB Larry Whisenton
|
0-0: Called Strike 0-1: Fly out, F9 (Line Drive, 9, EV 99.4 MPH)
|
|
Batting: RHB Pete Dempsey
|
0-0: Fielders Choice at 2nd, 5-4 (Groundball, 5L, EV 92.5 MPH)
|
| Bottom of the 8th over - 0 runs, 1 hit, 0 errors, 1 left on base; Dunedin 7 - St. Petersburg 1 |
| TOP OF THE 9TH |
|
Dunedin Blue Jays batting - Pitching for St. Petersburg Saints : RHP Vittore Fachinetti
|
|
Batting: RHB Bart Mackie
|
0-0: Ball 1-0: Called Strike 1-1: Called Strike 1-2: Ground out 6-3 (Groundball, 6, EV 87.5 MPH)
|
|
Batting: RHB Butch Davis
|
0-0: Fly out, F8 (Flyball, 78D, EV 77.5 MPH)
|
|
Batting: LHB Fay Thompson
|
0-0: Ball 1-0: Ball 2-0: Swinging Strike 2-1: Ball 3-1: Base on Balls
|
|
Batting: LHB Eric Peyton
|
0-0: Ball 1-0: Called Strike 1-1: Ball 2-1: Called Strike 2-2: Strikes out swinging, 2-3 out at first.
|
| Top of the 9th over - 0 runs, 0 hits, 0 errors, 1 left on base; Dunedin 7 - St. Petersburg 1 |
| BOTTOM OF THE 9TH |
|
St. Petersburg Saints batting - Pitching for Dunedin Blue Jays : RHP Armando Guzman
|
|
Batting: SHB Bryan Hoppie
|
0-0: Ball 1-0: Ball 2-0: Ground out 4-3 (Groundball, 4, EV 86.3 MPH)
|
|
Batting: RHB Joaquin Gonzalez
|
0-0: Ball 1-0: Foul Ball, location: 2F 1-1: Swinging Strike 1-2: Ground out 6-3 (Groundball, 6, EV 85.6 MPH)
|
|
Batting: RHB Robert Castleberry
|
0-0: Ball 1-0: Called Strike 1-1: Ball 2-1: Called Strike 2-2: Foul Ball, location: 2F 2-2: Ground out 5-3 (Groundball, 56, EV 103.1 MPH)
|
| Bottom of the 9th over - 0 runs, 0 hits, 0 errors, 0 left on base; Dunedin 7 - St. Petersburg 1 |
|